 Dungeon Crawl Stone Soup version 0.24.0-125-gc4c63601f3 (webtiles) character file.

Game seed: 13655834116998389994, levelgen mode: deterministic

71 hazymike the Gusty (level 4, -2/27 HPs)
             Began as a Halfling Air Elementalist on Feb 26, 2020.
             Killed by nerve-wracking pain
             ... invoked by a shadow imp
             ... summoned by Natasha
              (4 damage)
             ... on level 2 of the Dungeon.
             The game lasted 00:17:50 (2536 turns).

hazymike the Gusty (Halfling Air Elementalist)      Turns: 2536, Time: 00:17:50

Health: -2/27      AC:  3    Str: 10    XL:     4   Next: 47%
Magic:  0/7        EV: 15    Int: 13    God:
Gold:   117        SH:  0    Dex: 14    Spells: 6/7 levels left

rFire    . . .     SeeInvis .   a - +0 dagger
rCold    . . .     Gourm    .   (shield restricted)
rNeg     . . .     Faith    .   g - +0 robe
rPois    .         Spirit   .   (no helmet)
rElec    .         Reflect  .   o - +0 cloak
rCorr    .         Harm     .   (no gloves)
MR       .....                  (no boots)
Stlth    ++........             (no amulet)
HPRegen  0.09/turn              (no ring)
MPRegen  0.10/turn              (no ring)

@: very slightly contaminated
A: small, mutation resistance 1
a: no special abilities


You were on level 2 of the Dungeon.
You were not hungry.

You visited 1 branch of the dungeon, and saw 2 of its levels.

You collected 117 gold pieces.

Inventory:

Hand Weapons
 a - a +0 dagger (weapon)
Missiles
 j - 117 stones (quivered)
Armour
 g - a +0 robe (worn)
 k - a +2 hat
 o - a +0 cloak (worn)
Jewellery
 h - a cursed amulet of inaccuracy {unknown}
Scrolls
 d - a scroll of blinking {unknown}
 e - a scroll of teleportation {unknown}
 f - a scroll of enchant weapon {unknown}
 m - a scroll of remove curse {unknown}
Potions
 b - 2 potions of flight {unknown}
 i - a potion of magic {unknown}
 l - a potion of curing {unknown}
 n - a potion of degeneration {unknown}
 p - a potion of berserk rage {unknown}
Comestibles
 c - 3 rations


   Skills:
 + Level 0.9 Fighting
 + Level 2.6 Dodging
 + Level 2.6 Stealth
 - Level 2.0 Spellcasting
 + Level 1.2 Conjurations
 * Level 3.7 Air Magic


You had 6 spell levels left.
You knew the following spells:

 Your Spells              Type           Power        Failure   Level  Hunger
a - Shock                 Conj/Air       #...         9%          1    ##.....

Your spell library contained the following spells:

 Spells                   Type           Power        Failure   Level  Hunger
 Swiftness                Chrm/Air       #.......     19%         2    ###....
 Static Discharge         Conj/Air       #.......     26%         3    ####...
 Airstrike                Air            ##........   50%         4    #####..
 Lightning Bolt           Conj/Air       #.........   94%         5    ######.


Dungeon Overview and Level Annotations

Branches:
Dungeon (2/15)

Altars:
Ru

Annotations:
D:2 Natasha


Innate Abilities, Weirdness & Mutations

You are small and have problems with some larger weapons.
You are somewhat resistant to further mutation.


Message History

Aiming: Shock (safe; 9% risk of failure)
Press: ? - help, Shift-Dir - straight line The zap hits Natasha.
Natasha is severely wounded.
The zap hits Natasha.
Natasha is almost dead.
Natasha mumbles some strange words.
You closely miss Natasha.
Natasha is almost dead.
Natasha claws you.
* * * LOW HITPOINT WARNING * * *
The shadow imp gestures at you.
You barely resist. You barely miss Natasha.
Natasha is almost dead.
Natasha claws you.
* * * LOW HITPOINT WARNING * * *
The shadow imp gestures at you. Pain shoots through your body!
You die...

###..# ...# ....##
#..# ##.## #..#####
#.# ... ..# #.# #.#
#.# #+##
#รท###.###.# #...#
#.).......# .....
#####.##### ......
##.###@##
.......####....h..#
.......'.......#..#
.......####......5#
...... ##......#
..... #......#
#...# #......# #+##
#......#
#.##########..##.#


You could see Natasha and a shadow imp.

Vanquished Creatures
  Jessica (D:2)
  A worm (D:2)
  2 leopard geckos (D:2)
  3 hobgoblins
  2 quokkas (D:2)
  8 bats
  2 frilled lizards
  7 goblins
  8 kobolds
  5 rats (D:2)
39 creatures vanquished.

Notes
Turn   | Place    | Note
-------+----------+-------------------------------------------
     0 | D:1      | hazymike the Halfling Air Elementalist began the quest for
                  | the Orb.
     0 | D:1      | Reached XP level 1. HP: 11/11 MP: 3/3
   308 | D:1      | Reached XP level 2. HP: 17/17 MP: 2/4
   561 | D:1      | Reached skill level 1 in Conjurations
  1157 | D:2      | Reached XP level 3. HP: 22/22 MP: 5/5
  1312 | D:2      | Noticed Jessica
  1489 | D:2      | Noticed Natasha
  2282 | D:2      | Found a sacrificial altar of Ru.
  2442 | D:2      | Killed Jessica
  2442 | D:2      | Reached XP level 4. HP: 27/27 MP: 1/7
  2536 | D:2      | Killed from afar by a shadow imp

Levels and vault maps discovered:
D:1:      scummos_arrival_forest, layout_basic
D:2:      layout_loops_corners, glass_columns_a, nicolae_ru_path_of_blood,
          uniq_natasha, uniq_jessica

Skill      XL: |  1  2  3 |
---------------+----------+-----
Conjurations   | 1 |  1.2
Spellcasting   | 2 |  2.0
Fighting       | |  0.9
Dodging        | |  2.6
Stealth        | |  2.6
Air Magic      | |  3.7

Action                   |  1- 3 |  4- 6 || total
-------------------------+-------+-------++-------
Melee: Unarmed           |    17 |       ||    17
       Dagger            |    22 |     2 ||    24
Throw: Stone             |    15 |     1 ||    16
 Cast: Shock             |    63 |     8 ||    71
 Stab: Sleeping          |     4 |       ||     4
  Eat: Chunk             |     6 |     1 ||     7
Armor: Robe              |    24 |     1 ||    25
Dodge: Dodged            |    88 |     2 ||    90
